[ AOE2 MATCH · #506187639 ]
UnrankedGoths vs Japanese
Player's team · WIN
Rival team · LOSS
[ REPLAY ANALYSIS · EXTRACTED FROM THE RECORDED GAME ]
Feudal
12:10
Castle
30:26
Imperial
—
| APM avg | 51.5 |
| APM peak | 85 |
| eAPM avg | 23.3 |
| Villagers / military | 47 / 113 |
Focus
⚔️ 37.1% · 🌾 62.9%
Militia ×113
Feudal
10:18
Castle
27:47
Imperial
—
| APM avg | 30.2 |
| APM peak | 74 |
| eAPM avg | 14.7 |
| Villagers / military | 52 / 37 |
Focus
⚔️ 30.8% · 🌾 69.2%
Militia ×37
Match map
Initial resources + every placement click. Lines = walls · curves = elevation contours. ◆ gold · ⬟ stone · ● berries · ✦ relic · ◌ wall gap
Your base· Open — 7t gap
Rush Baby's base· Open — unwalled flank
Smoothed initial terrain · ◌ = detected wall gap · hover for details
Inputs per minute
— [TiRex]haltig - - Rush Baby
Build order — [TiRex]haltig
First 150 of 228 actions detected
| 0:01 | Research | Loom |
| 0:01 | Queue | Villager (Male) |
| 0:02 | Queue | Villager (Male) |
| 0:02 | Queue | Villager (Male) |
| 0:02 | Queue | Villager (Male) |
| 0:04 | Build | House |
| 0:06 | Build | House |
| 1:29 | Queue | Villager (Male) |
| 1:29 | Queue | Villager (Male) |
| 1:54 | Queue | Villager (Male) |
| 1:55 | Queue | Villager (Male) |
| 2:16 | Build | Lumber Camp |
| 2:22 | Queue | Villager (Male) |
| 2:22 | Queue | Villager (Male) |
| 2:57 | Queue | Villager (Male) |
| 2:58 | Queue | Villager (Male) |
| 3:01 | Build | House |
| 3:24 | Queue | Villager (Male) |
| 3:24 | Queue | Villager (Male) |
| 4:01 | Queue | Villager (Male) |
| 4:19 | Queue | Villager (Male) |
| 4:59 | Build | Barracks |
| 5:03 | Queue | Villager (Male) |
| 5:07 | Queue | Villager (Male) |
| 5:12 | Queue | Villager (Male) |
| 5:51 | Queue | Militia |
| 5:58 | Queue | Villager (Male) |
| 6:11 | Queue | Militia |
| 6:17 | Build | House |
| 6:39 | Queue | Villager (Male) |
| 6:52 | Build | House |
| 7:05 | Queue | Villager (Male) |
| 7:06 | Queue | Militia |
| 7:15 | Build | House |
| 7:23 | Queue | Militia |
| 7:24 | Queue | Villager (Male) |
| 7:32 | Build | Mill |
| 7:52 | Queue | Militia |
| 7:53 | Queue | Villager (Male) |
| 8:11 | Queue | Villager (Male) |
| 9:03 | Queue | Villager (Male) |
| 9:18 | Queue | Villager (Male) |
| 10:00 | Research | Feudal Age |
| 10:03 | Queue | Militia |
| 10:29 | Build | Mining Camp |
| 10:33 | Build | Lumber Camp |
| 11:42 | Build | House |
| 12:10 | Age | Feudal Age |
| 12:16 | Research | Man-at-Arms (upgrade) |
| 12:19 | Queue | Villager (Male) |
| 12:23 | Build | Blacksmith |
| 12:26 | Build | House |
| 12:28 | Build | House |
| 12:44 | Queue | Militia |
| 13:15 | Research | Forging |
| 13:16 | Queue | Villager (Male) |
| 13:17 | Build | Farm |
| 13:18 | Queue | Villager (Male) |
| 13:20 | Build | Farm |
| 13:37 | Queue | Villager (Male) |
| 13:37 | Queue | Militia |
| 13:42 | Build | Farm |
| 13:43 | Build | Farm |
| 13:43 | Build | Farm |
| 13:43 | Build | Farm |
| 13:43 | Build | Farm |
| 13:44 | Queue | Militia |
| 14:13 | Build | Farm |
| 14:16 | Build | House |
| 14:21 | Build | Farm |
| 14:31 | Queue | Militia |
| 14:48 | Build | House |
| 14:51 | Build | Farm |
| 14:55 | Queue | Militia |
| 15:18 | Build | Farm |
| 15:36 | Queue | Militia |
| 15:36 | Queue | Militia |
| 15:50 | Build | Farm |
| 15:52 | Build | Farm |
| 15:56 | Build | House |
| 16:01 | Queue | Militia |
| 16:07 | Build | Farm |
| 16:11 | Build | House |
| 16:13 | Queue | Militia |
| 16:23 | Build | House |
| 16:26 | Queue | Villager (Male) |
| 16:29 | Queue | Militia |
| 16:47 | Research | Scale Mail Armor |
| 16:51 | Build | Farm |
| 17:13 | Queue | Militia |
| 17:14 | Queue | Villager (Male) |
| 17:19 | Build | Archery Range |
| 17:34 | Queue | Militia |
| 17:42 | Build | Farm |
| 17:42 | Build | Farm |
| 17:52 | Queue | Militia |
| 18:02 | Build | Farm |
| 18:04 | Queue | Villager (Male) |
| 18:08 | Queue | Villager (Male) |
| 18:23 | Queue | Militia |
| 18:25 | Queue | Militia |
| 18:40 | Build | Barracks |
| 18:56 | Queue | Militia |
| 19:11 | Queue | Militia |
| 19:13 | Queue | Villager (Male) |
| 19:14 | Queue | Villager (Male) |
| 19:18 | Build | Farm |
| 19:25 | Build | Mining Camp |
| 19:33 | Queue | Militia |
| 19:35 | Queue | Militia |
| 19:36 | Queue | Militia |
| 19:36 | Queue | Militia |
| 19:37 | Build | House |
| 19:39 | Build | House |
| 19:40 | Queue | Militia |
| 19:49 | Queue | Militia |
| 19:59 | Research | Double-Bit Axe |
| 20:15 | Queue | Militia |
| 20:19 | Queue | Militia |
| 20:23 | Queue | Militia |
| 20:34 | Build | Mill |
| 20:50 | Queue | Militia |
| 20:51 | Queue | Militia |
| 20:51 | Queue | Militia |
| 20:53 | Queue | Militia |
| 20:53 | Queue | Militia |
| 20:55 | Build | House |
| 21:05 | Queue | Militia |
| 21:12 | Build | Farm |
| 21:13 | Build | Farm |
| 21:14 | Build | Farm |
| 21:14 | Build | Farm |
| 21:17 | Queue | Militia |
| 21:17 | Queue | Militia |
| 21:25 | Queue | Militia |
| 21:36 | Queue | Militia |
| 21:42 | Queue | Militia |
| 21:53 | Queue | Militia |
| 21:53 | Queue | Militia |
| 22:07 | Queue | Militia |
| 22:17 | Queue | Militia |
| 22:17 | Queue | Militia |
| 22:18 | Queue | Militia |
| 22:22 | Queue | Militia |
| 22:37 | Queue | Militia |
| 22:46 | Queue | Militia |
| 22:52 | Queue | Militia |
| 22:53 | Queue | Militia |
| 22:54 | Queue | Militia |
| 23:06 | Queue | Militia |
Build order — Rush Baby
First 150 of 154 actions detected
| 0:01 | Queue | Villager (Male) |
| 0:01 | Queue | Villager (Male) |
| 0:02 | Build | House |
| 0:04 | Build | House |
| 0:20 | Queue | Villager (Male) |
| 0:34 | Queue | Villager (Male) |
| 1:32 | Queue | Villager (Male) |
| 1:53 | Build | Lumber Camp |
| 1:57 | Queue | Villager (Male) |
| 2:16 | Build | House |
| 2:35 | Queue | Villager (Male) |
| 3:00 | Research | Loom |
| 3:10 | Queue | Villager (Male) |
| 3:19 | Queue | Villager (Male) |
| 3:19 | Queue | Villager (Male) |
| 4:16 | Build | Mill |
| 4:27 | Queue | Villager (Male) |
| 4:27 | Queue | Villager (Male) |
| 5:03 | Queue | Villager (Male) |
| 5:03 | Queue | Villager (Male) |
| 5:20 | Queue | Villager (Male) |
| 6:05 | Queue | Villager (Male) |
| 6:11 | Build | Barracks |
| 6:22 | Queue | Villager (Male) |
| 6:38 | Build | House |
| 6:49 | Queue | Villager (Male) |
| 6:57 | Queue | Villager (Male) |
| 7:04 | Build | House |
| 7:35 | Queue | Villager (Male) |
| 8:06 | Research | Feudal Age |
| 8:20 | Build | Mining Camp |
| 8:24 | Build | House |
| 8:33 | Queue | Militia |
| 8:45 | Build | House |
| 9:04 | Queue | Militia |
| 9:20 | Queue | Militia |
| 9:32 | Queue | Militia |
| 9:36 | Build | House |
| 9:59 | Build | House |
| 10:05 | Queue | Villager (Male) |
| 10:16 | Build | House |
| 10:18 | Age | Feudal Age |
| 10:21 | Research | Man-at-Arms (upgrade) |
| 10:43 | Queue | Militia |
| 10:55 | Queue | Villager (Male) |
| 10:55 | Queue | Villager (Male) |
| 11:00 | Queue | Militia |
| 11:10 | Build | House |
| 11:23 | Queue | Militia |
| 11:32 | Queue | Villager (Male) |
| 11:49 | Build | Lumber Camp |
| 12:09 | Queue | Villager (Male) |
| 12:29 | Queue | Villager (Male) |
| 12:40 | Build | Mill |
| 12:49 | Build | House |
| 12:54 | Build | House |
| 13:13 | Build | Blacksmith |
| 13:18 | Build | Farm |
| 14:30 | Build | Farm |
| 14:31 | Build | Farm |
| 14:31 | Build | Farm |
| 14:31 | Build | Farm |
| 14:39 | Queue | Villager (Male) |
| 14:39 | Queue | Villager (Male) |
| 15:15 | Build | House |
| 15:20 | Build | Farm |
| 15:20 | Build | Farm |
| 15:48 | Research | Scale Mail Armor |
| 16:01 | Build | Farm |
| 16:01 | Build | Farm |
| 16:07 | Build | House |
| 16:12 | Build | House |
| 16:16 | Queue | Militia |
| 16:17 | Queue | Militia |
| 16:42 | Build | Farm |
| 16:48 | Queue | Villager (Male) |
| 17:11 | Queue | Villager (Male) |
| 17:17 | Build | Farm |
| 17:23 | Queue | Villager (Male) |
| 17:36 | Research | Forging |
| 17:45 | Build | Farm |
| 17:49 | Queue | Villager (Male) |
| 17:53 | Build | House |
| 17:58 | Build | Palisade Wall |
| 18:04 | Queue | Militia |
| 18:18 | Queue | Villager (Male) |
| 18:23 | Build | Farm |
| 18:36 | Queue | Militia |
| 18:37 | Queue | Villager (Male) |
| 18:45 | Build | House |
| 18:47 | Build | House |
| 18:59 | Queue | Militia |
| 19:25 | Queue | Militia |
| 19:28 | Queue | Villager (Male) |
| 19:43 | Build | Market |
| 19:46 | Queue | Villager (Male) |
| 19:58 | Queue | Villager (Male) |
| 20:24 | Queue | Militia |
| 20:26 | Queue | Villager (Male) |
| 20:38 | Build | House |
| 20:58 | Queue | Militia |
| 20:58 | Queue | Militia |
| 21:00 | Queue | Villager (Male) |
| 21:01 | Queue | Villager (Male) |
| 21:08 | Queue | Villager (Male) |
| 21:15 | Queue | Villager (Male) |
| 21:24 | Build | Farm |
| 21:42 | Build | House |
| 22:17 | Queue | Militia |
| 22:17 | Queue | Militia |
| 22:26 | Build | Watch Tower |
| 22:33 | Queue | Militia |
| 22:48 | Build | Stone Wall |
| 23:05 | Build | Stone Wall |
| 23:11 | Queue | Villager (Male) |
| 23:28 | Build | Barracks |
| 23:54 | Build | Farm |
| 23:56 | Queue | Militia |
| 23:57 | Queue | Militia |
| 24:00 | Queue | Militia |
| 24:01 | Queue | Militia |
| 24:30 | Queue | Militia |
| 24:31 | Queue | Militia |
| 24:42 | Queue | Militia |
| 24:56 | Queue | Militia |
| 25:07 | Research | Castle Age |
| 25:39 | Queue | Militia |
| 26:00 | Queue | Militia |
| 26:07 | Build | Farm |
| 26:19 | Build | House |
| 26:30 | Queue | Militia |
| 26:30 | Queue | Militia |
| 27:18 | Build | Farm |
| 27:32 | Build | House |
| 27:47 | Age | Castle Age |
| 27:50 | Research | Long Swordsman (upgrade) |
| 28:41 | Queue | Militia |
| 28:41 | Queue | Militia |
| 29:02 | Queue | Militia |
| 29:02 | Queue | Militia |
| 29:12 | Build | Lumber Camp |
| 29:47 | Queue | Militia |
| 30:05 | Queue | Villager (Male) |
| 30:05 | Queue | Villager (Male) |
| 30:06 | Queue | Villager (Male) |
| 30:07 | Queue | Villager (Male) |
| 30:07 | Queue | Villager (Male) |
| 30:12 | Build | Farm |
| 30:40 | Research | Iron Casting |
| 30:44 | Queue | Villager (Male) |
Match timeline
| 4:59 | [TiRex]haltig · first_building Barracks |
| 6:11 | Rush Baby · first_building Barracks |
| 10:18 | Rush Baby · age_up feudal |
| 12:10 | [TiRex]haltig · age_up feudal |
| 17:19 | [TiRex]haltig · first_building Archery Range |
| 17:58 | Rush Baby · wall_segment Palisade Wall x1 |
| 22:48 | Rush Baby · wall_segment Stone Wall x1 |
| 23:05 | Rush Baby · wall_segment Stone Wall x2 |
| 25:00 | Rush Baby · first_market_buy 100 food |
| 27:34 | [TiRex]haltig · first_market_buy 100 food |
| 27:38 | [TiRex]haltig · first_market_sell 100 food |
| 27:45 | Rush Baby · first_market_sell 100 food |
| 27:47 | Rush Baby · age_up castle |
| 30:26 | [TiRex]haltig · age_up castle |
| 31:31 | [TiRex]haltig · first_building Castle |
| 31:53 | Rush Baby · resign |
[ AI ANALYSIS · 1 CREDIT ]
What really happened in this match?
Wolo.gg analyzes every decision: build order, eco, micro, common mistakes by bracket. Personalized analysis on WhatsApp or Discord in 30 seconds.
Civ guide
Goths
Perfil
Jugador #10104772